AoeStats
← 一剑扫秋风nelson

African Clearing

504668215Analyzed
4v4 RM · 26d ago on Sep 6, 2026· 34m 8s· 8 players
Game mode
Random Map
Map size
Large (8 player)
Population
200
Speed
Normal
Resources
Standard
Victory
Conquest
Starting age
Dark Age
Ending age
Imperial Age
RankedLock teamsTeams togetherTeam positionsShared explorationLock speedFull tech treeHidden civsTurbo modeCheats
Victory
Defeat
🇨🇳 Vikings · China
1889
+5
🇨🇭 Franks · Switzerland
1766
+9
🇲🇽 Cumans · Mexico
1764
+9
🇧🇷 Slavs · Brazil
1674
+11
🇺🇸 Jurchens · United States
1632
-10
🇨🇳 Goths · China
1618
-9
🇺🇸 Koreans · United States
1598
-9
🇺🇸 Poles · United States
1516
-6
The_Fury
9:30 Loom
11:26 Feudal Age
10:12 Loom
12:00 Double-Bit Axe
14:49 Town Watch
16:04 Horse Collar
21:11 Castle Age
21:31 Wheelbarrow
22:26 Bow Saw
23:42 Heavy Plow
24:41 Gold Mining
24:49 Stone Mining
31:59 Imperial Age
29:52 Bloodlines
30:33 Scale Barding Armor
31:24 Forging
31:35 Chain Barding Armor
33:05 Iron Casting
32:04 Cavalier
33:36 Plate Barding Armor
33:25 Conscription
xxxxx
10:18 Loom
13:12 Feudal Age
13:41 Double-Bit Axe
18:31 Scale Barding Armor
22:44 Wheelbarrow
26:14 Castle Age
26:19 Light Cavalry
27:22 Chain Barding Armor
一剑扫秋风nelson
5:19 Loom
12:53 Feudal Age
14:07 Man-at-Arms
17:00 Double-Bit Axe
22:54 Castle Age
21:13 Gold Mining
22:21 Stone Mining
24:10 Bow Saw
24:07 Horse Collar
28:05 Heavy Plow
37:06 Imperial Age
PeAcE mE
12:58 Feudal Age
17:02 Castle Age
22:43 Loom
22:58 Horse Collar
27:22 Double-Bit Axe
28:09 Town Watch
28:59 Wheelbarrow
29:16 Husbandry
30:13 Bloodlines
30:27 Bow Saw
30:51 Scale Barding Armor
30:56 Forging
31:51 Hand Cart
32:52 Chain Barding Armor
BomBomB0
3:42 Loom
12:52 Feudal Age
13:33 Double-Bit Axe
18:06 Forging
17:58 Town Watch
18:49 Wheelbarrow
28:48 Gold Mining
31:58 Castle Age
31:04 Horse Collar
32:47 Husbandry
32:57 Bloodlines
32:55 Scale Barding Armor
32:51 Scale Mail Armor
KaLong
6:25 Loom
16:38 Feudal Age
20:48 Castle Age
21:12 Double-Bit Axe
22:32 Bow Saw
23:00 Scale Barding Armor
23:05 Forging
23:49 Szlachta Privileges
23:50 Horse Collar
28:57 Bloodlines
29:18 Chain Barding Armor
31:59 Wheelbarrow
32:44 Wheelbarrow
32:12 Husbandry
Random
7:54 Loom
11:59 Feudal Age
12:30 Town Watch
12:33 Double-Bit Axe
22:39 Castle Age
25:25 Fletching
27:20 Horse Collar
27:50 Bow Saw
28:00 Bow Saw
28:31 Wheelbarrow
28:34 Heavy Plow
CNZS_MING
3:20 Loom
13:56 Feudal Age
16:04 Double-Bit Axe
18:35 Castle Age
17:21 Gold Mining
17:50 Fletching
19:05 Wheelbarrow
19:22 Bodkin Arrow
19:39 Bow Saw
23:14 Bloodlines
24:43 Ballistics
24:23 Town Watch
27:49 Husbandry
28:08 Padded Archer Armor
29:02 Horse Collar
Connection lost

Rejoining the realm…

Still unreachable

The connection could not be restored.

Session expired

The server has moved on; the page needs a fresh start.